 Dungeon Crawl Stone Soup version 0.31.0-11-ge490571c62 (webtiles) character file.

Game seed: 12933728432766027702

433 inmateoo the Chopper (level 6, -3/56 HPs)
             Began as a Minotaur Fighter on Jan 26, 2024.
             Slain by a mummy (6 damage)
             ... in an ossuary.
             The game lasted 00:02:59 (3033 turns).

inmateoo the Chopper (Minotaur Fighter)             Turns: 3033, Time: 00:03:00

Health: -3/56      AC: 12    Str: 20    XL:     6   Next: 67%
Magic:  0/5        EV: 13    Int:  5    God:
Gold:   91         SH:  5    Dex: 12    Spells: 5/5 levels left

rFire   . . .        a - +0 war axe
rCold   . . .        c - +0 buckler
rNeg    . . .        w - +1 chain mail
rPois   +            (helmet restricted)
rElec   .            (no cloak)
rCorr   .            (no gloves)
SInv    .            h - +0 pair of boots
Will    .....        y - amulet of guardian spirit Stlth
                     j - +5 ring of evasion
HPRegen 0.29/turn    r - ring of poison resistance
MPRegen 0.09/turn

%: guardian spirit
@: marked
A: horns 2, retaliatory headbutt
a: no special abilities


You were in an ossuary.
You visited 1 branch of the dungeon, and saw 5 of its levels.
You also visited: Ossuary.

You collected 161 gold pieces.
You spent 70 gold pieces at shops.

Inventory:

Hand Weapons
 a - a +0 war axe (weapon)
Missiles
 k - 3 throwing nets (quivered)
Armour
 c - a +0 buckler (worn)
 h - a +0 pair of boots (worn)
 w - a +1 chain mail (worn)
Jewellery
 j - a +5 ring of evasion (left hand)
 r - a ring of poison resistance (right hand)
 y - an amulet of guardian spirit (around neck)
 z - a ring of ice
Scrolls
 f - a scroll of fog
 m - 4 scrolls of teleportation
 o - a scroll of identify
 p - a scroll of blinking
 v - 2 scrolls of poison
Potions
 b - a potion of ambrosia
 d - a potion of might
 e - 3 potions of lignification
 g - a potion of brilliance
 i - a potion of resistance
 l - a potion of mutation {unknown}
 n - a potion of curing {unknown}
 q - a potion of degeneration {unknown}
 s - a potion of enlightenment {unknown}
 A - a potion of attraction {unknown}


   Skills:
 + Level 5.0 Fighting
 * Level 5.3 Axes
 + Level 5.0 Armour
 + Level 2.7 Dodging
 + Level 4.9 Shields


You had 5 spell levels left.
You didn't know any spells.
Your spell library contained the following spells:

 Spells                   Type           Power      Damage    Failure   Level
 Foxfire                  Conj/Fire      0%         2x1d4     99%         1
 Static Discharge         Conj/Air       0%         3-3/arc   100%        2
 Airstrike                Air            0%         2d(0-16)  100%        4
 Summon Lightning Spire   Summ/Air       0%         N/A       100%        4
 Plasma Beam              Fire/Air       0%         2x1d10    100%        6
 Starburst                Conj/Fire      0%         6d3       100%        6


Dungeon Overview and Level Annotations

Branches:
Dungeon (5/15)            Ossuary (1/1)
 Temple: D:4-7

Altars:
Ashenzari

Shops:
D:2 ?


Innate Abilities, Weirdness & Mutations

You have a pair of horns on your head.
You reflexively headbutt those who attack you in melee.


Message History

The crocodile zombie bites you but does no damage.
You closely miss the crocodile zombie.
The crocodile zombie is moderately damaged.
The crocodile zombie bites you but does no damage.
You barely miss the crocodile zombie.
The crocodile zombie is moderately damaged.
The crocodile zombie bites you.
* * * LOW HITPOINT WARNING * * *
You hit the crocodile zombie. You headbutt the crocodile zombie.
The crocodile zombie is heavily damaged.
The crocodile zombie bites you.
* * * LOW HITPOINT WARNING * * *
You slash the crocodile zombie!
The crocodile zombie is almost destroyed.
You slash the mummy! You hit the mummy but do no damage. You hit the mummy.
The mummy hits you but does no damage.
You barely miss the mummy. You headbutt the mummy.
The mummy is moderately damaged.
You completely miss the mummy.
You hit the crocodile zombie but do no damage.
You block the mummy's attack. The crocodile zombie bites you!
* * * LOW HITPOINT WARNING * * *
The crocodile zombie drags you backwards!
The mummy closely misses you.
You hit the crocodile zombie.
Your headbutt misses the crocodile zombie.
The crocodile zombie is almost destroyed.
You hit the mummy but do no damage. The crocodile zombie misses you.
You slash the crocodile zombie!
You destroy the crocodile zombie!
You barely miss the mummy. You slash the mummy!
You destroy the mummy!
The mummy barely misses you.
Your Fighting skill increases to level 5!
Your Armour skill increases to level 5!
You closely miss the mummy. You headbutt the mummy.
The mummy is moderately damaged.
The mummy hits you.
You die...

##.. ..##
.......
##....^##
...#...
##.....##
#.......#
##.....##
#...@M..#
##.....##
#.......#
##.....##
#.....#
#.....#
#..∩..#
#.....#
#.....#


You could see a mummy.

Vanquished Creatures
  A scorpion (D:4)
  2 centaur zombies (Ossuary)
  A hound (D:4)
  An orc priest (D:4)
  An iguana (D:4)
  4 crocodile zombies (Ossuary)
  3 mummies
  A gnoll (D:1)
  4 adders
  A dart slug (D:3)
  A ribbon worm (D:2)
  9 orcs
  5 endoplasms
  2 giant cockroaches
  3 goblins
  4 hobgoblins
  2 jackals (D:2)
  2 quokkas
  6 ball pythons
  7 bats
  A frilled lizard (D:3)
  A gnoll zombie (Ossuary)
  6 kobolds
  3 kobold zombies (Ossuary)
  4 rats
75 creatures vanquished.

Notes
Turn   | Place    | Note
-------+----------+-------------------------------------------
     0 | D:1      | inmateoo the Minotaur Fighter began the quest for the Orb.
     0 | D:1      | Reached XP level 1. HP: 19/19 MP: 0/0
   110 | D:1      | Reached XP level 2. HP: 27/27 MP: 1/1
   728 | D:2      | Found Zoel's Magic Scroll Shoppe.
   734 | D:2      | Bought a scroll of identify for 28 gold pieces
   734 | D:2      | Bought a scroll of teleportation for 42 gold pieces
   782 | D:2      | Reached skill level 1 in Dodging
   784 | D:2      | Reached XP level 3. HP: 33/33 MP: 2/2
  1353 | D:3      | Reached XP level 4. HP: 36/40 MP: 3/3
  1435 | D:3      | Found a faded altar of an unknown god.
  2174 | D:4      | Reached XP level 5. HP: 11/47 MP: 4/4
  2412 | D:4      | Found a broken altar of Ashenzari.
  2949 | D:5      | Entered Level 5 of the Dungeon
  2980 | D:5      | Found a sand-covered staircase.
  2985 | D:5      | Reached XP level 6. HP: 53/53 MP: 5/5
  2988 | Ossuary  | Entered an ossuary
  3000 | Ossuary  | Reached skill level 5 in Axes
  3030 | Ossuary  | HP: 2/55 [crocodile zombie (8)]
  3033 | Ossuary  | Reached skill level 5 in Fighting
  3033 | Ossuary  | Reached skill level 5 in Armour
  3033 | Ossuary  | Slain by a mummy

Illustrated notes

Levels and vault maps discovered:
D:1:      wander_arrival_fairy_ring, layout_loops_ring, hex_medium
D:2:      layout_loops_ring, serial_shops, nicolae_shop_rolling_square
D:3:      layout_basic, shapermc_ecumenical_altar_mp_ritualfount
D:4:      layout_rooms, nrook_mini_backslash, minmay_ruined_shrine
D:5:      layout_rooms, vehumet_statue, marbit_many_paths,
          serial_co_window_serial, co_window_paths_a, co_window_paths_a,
          co_window_paths_b, co_window_paths_b, co_window_of_opportunity_a,
          co_window_corner_b, co_window_broadway_b, co_window_paths_c,
          co_window_of_opportunity_b, co_window_2corner, co_window_sun,
          glass_columns_c, glass_columns_b, glass_columns_b, glass_columns_b,
          gup_ossuary_entry_pyramid, uniq_sigmund
Ossuary:  ossuary_the_hunt_dpeg

Skill      XL: |  1  2  3  4  5  6 |
---------------+-------------------+-----
Axes           | 3 4 5 |  5.3
Dodging        | 1 2 |  2.7
Fighting       | 4 5 |  5.0
Shields        | 4 |  4.9
Armour         | 4 5 |  5.0

Action                     |  1- 3 |  4- 6 || total
---------------------------+-------+-------++-------
  Melee: War axe           |    57 |    99 ||   156
         Headbutt          |    12 |    27 ||    39
    Use: Scroll            |     4 |     6 ||    10
 Armour: Scale mail        |    31 |    10 ||    41
         Chain mail        |       |    66 ||    66
  Dodge: Dodged            |    24 |    99 ||   123
  Block: Buckler           |    10 |    37 ||    47
